 Dungeon Crawl Stone Soup version 0.32-a0-900-g30fb1b0edc (webtiles) character file.

Game seed: 15910009294766522386

30115 Autsider the Frost Mage (level 12, -19/106 HPs)
             Began as a Demigod Ice Elementalist on Apr 5, 2024.
             Killed from afar by an oklob plant (30 damage)
             ... with a splash of acid
             ... on level 4 of the Lair of Beasts.
             The game lasted 01:19:35 (18209 turns).

Autsider the Frost Mage (Demigod Ice Elementalist) Turns: 18209, Time: 01:19:35

Health: -19/106    AC:  3    Str: 13    XL:     12   Next: 88%
Magic:  14/28      EV: 18    Int: 29    God:
Gold:   908        SH:  5    Dex: 14    Spells: 6/27 levels left

rFire   + . .        L - +1 spear (venom)
rCold   + . .        K - +0 buckler
rNeg    . . .        J - +2 robe {rC+ rF+}
rPois   .            m - +0 helmet
rElec   .            (no cloak)
rCorr   .            (no gloves)
SInv    .            s - +1 pair of boots
Will    ++...        r - amulet of regeneration
Stlth   ++           D - +5 ring of evasion
HPRegen 1.17/turn    P - ring of willpower
MPRegen 0.21/turn

%: no passive effects
@: corroded, studying Unarmed Combat
A: high MP 1, forlorn, divine attributes
a: no special abilities


You were on level 4 of the Lair of Beasts.
You visited 2 branches of the dungeon, and saw 16 of its levels.
You also visited: Ossuary.

You collected 908 gold pieces.

Inventory:

Hand Weapons
 v - a +0 heavy trident
 C - a +1 heavy spear
 L - a +1 spear of venom (weapon)
Missiles
 M - a curare-tipped dart
 R - a throwing net
Armour
 m - a +0 helmet (worn)
 s - a +1 pair of boots (worn)
 J - a +2 robe of resistance (worn)
 K - a +0 buckler (worn)
 T - a +2 chain mail of fire resistance
 Y - +0 acid dragon scales
Magical Staves
 B - a staff of air
Jewellery
 b - a ring of willpower
 d - a ring of ice
 f - a +5 ring of evasion
 r - an amulet of regeneration (around neck)
 D - a +5 ring of evasion (left hand)
 P - a ring of willpower (right hand)
 S - the amulet of Gin and Tonic {Faith Will- Regen+ Str-2 SInv}
   (You found it on level 10 of the Dungeon)

   [amulet of faith]

   Faith:     It allows you to gain divine favour quickly.
   Str-2:     It affects your strength (-2).
   Will-:     It decreases your willpower.
   SInv:      It lets you see invisible.
   Regen+:    It increases your rate of health regeneration.
 V - a ring of poison resistance
 X - a ring of protection from cold
Talismans
 N - a storm talisman
Wands
 a - a wand of mindburst (7)
 y - a wand of light (38)
 A - a wand of paralysis (13)
 Q - a wand of flame (15)
 Z - a wand of roots (2)
Scrolls
 e - 2 scrolls of fog
 g - 6 scrolls of vulnerability
 h - 2 scrolls of amnesia
 j - a scroll of teleportation {@r2}
 o - a scroll of brand weapon
 p - a scroll of silence
 w - 2 scrolls of enchant weapon
 x - 3 scrolls of blinking
 E - 6 scrolls of identify {@r1}
 I - 2 scrolls of immolation
 O - 2 scrolls of enchant armour
 U - a scroll of revelation
Potions
 c - 3 potions of enlightenment
 i - a potion of curing {@q1}
 k - 2 potions of attraction
 l - 3 potions of ambrosia
 n - 2 potions of berserk rage {unknown}
 t - 5 potions of brilliance
 u - a potion of heal wounds {@q2}
 z - 5 potions of haste
 F - 3 potions of invisibility
 G - 2 potions of resistance
 H - a potion of lignification
 W - a potion of cancellation


   Skills:
 - Level 10.0 Fighting
 - Level 4.0 Polearms
 - Level 6.0 Dodging
 - Level 1.7 Stealth
 - Level 6.0 Shields
 - Level 8.0 Spellcasting
 - Level 6.0 Conjurations
 - Level 4.0 Summonings
 + Level 10.3 Ice Magic
 - Level 6.0 Air Magic


You had 6 spell levels left.
You knew the following spells:

 Your Spells              Type           Power      Damage    Failure   Level
a - Freeze                Ice            100%       1d10      1%          1
b - Frozen Ramparts       Ice            100%       1d16      1%          3
c - Ozocubu's Armour      Ice            64%        N/A       1%          3
d - Hailstorm             Conj/Ice       56%        3d11      1%          3
e - Freezing Cloud        Conj/Ice/Air   26%        6-21      8%          5
w - Mephitic Cloud        Conj/Alch/Air  34%        N/A       3%          3
A - Summon Ice Beast      Ice/Summ       52%        N/A       1%          3

Your spell library contained the following spells:

 Spells                   Type           Power      Damage    Failure   Level
 Foxfire                  Conj/Fire      100%       2x1d9     1%          1
 Mercury Vapours          Alch/Air       58%        N/A       2%          2
 Stone Arrow              Conj/Erth      58%        3d10      5%          3
 Sandblast                Erth           22%        2d7       6%          1
 Slow                     Hex            44%        N/A       6%          1
 Jinxbite                 Hex            22%        N/A       9%          2
 Brom's Barrelling Bould  Conj/Erth      29%        2d5       17%         4
 Flame Wave               Conj/Fire      29%        2d9       17%         4
 Vhi's Electric Charge    Tloc/Air       58%        N/A       17%         4
 Confusing Touch          Hex            11%        N/A       19%         3
 Inner Flame              Hex/Fire       11%        N/A       19%         3
 Passwall                 Erth           11%        N/A       19%         3
 Vampiric Draining        Necr           11%        2d6       19%         3
 Volatile Blastmotes      Fire/Tloc      22%        2d11      19%         3
 Animate Dead             Necr           11%        N/A       52%         4
 Sticky Flame             Fire/Alch      11%        2d5       52%         4
 Permafrost Eruption      Ice/Erth       20%        2x4d5     73%         6
 Sculpt Simulacrum        Ice/Alch       20%        N/A       73%         6
 Borgnjor's Vile Clutch   Necr/Erth      5%         N/A       86%         5
 Yara's Violent Unravell  Hex/Alch       5%         3d4       86%         5
 Bombard                  Conj/Erth      14%        9d3       95%         6
 Plasma Beam              Fire/Air       14%        2x1d25    95%         6
 Starburst                Conj/Fire      14%        6d6       95%         6
 Death Channel            Necr           5%         N/A       100%        6
 Enfeeble                 Hex            5%         N/A       100%        7


Dungeon Overview and Level Annotations

Branches:
Dungeon (12/15)            Temple (0/1) D:6            Lair (4/5) D:11
 Shoals (0/4) Lair:2       Spider (0/4) Lair:3        Slime (0/5) Lair:4
    Orc (0/2) D:11        Ossuary (visited)

Shops:
D:4 *   D:10 :

Annotations:
D:4 1 runed translucent door, junkhipster's ghost, novice GrFi
D:9 4 transporters, exclusion: downstairs
D:11 Wand of digging needed
Lair:4 exclusion: 3 oklob plants


Innate Abilities, Weirdness & Mutations

You have an increased reservoir of magic. (+10% MP)
You shall have no god before yourself.
Your divine heritage dramatically boosts your attributes as you level up.


Message History

3 oklob plants come into view.
Marking area around 3 oklob plants as unsafe for travelling.
Casting: Freezing Cloud (dangerous; 8% risk of failure)
Confirm with . or Enter, or press ? or * to list all spells.
Aiming: Freezing Cloud (dangerous; 8% risk of failure)
Press: ? - help, Dir - move target The oklob plant is engulfed in freezing vapours.
Found a staircase to the Slime Pits.
The oklob plant spits acid at you. The splash of acid hits you!!
The oklob plant is engulfed in freezing vapours.
Casting: Freezing Cloud (dangerous; 8% risk of failure)
Confirm with . or Enter, or press ? or * to list all spells.
Aiming: Freezing Cloud (dangerous; 8% risk of failure)
Press: ? - help, Dir - move target The oklob plant is engulfed in freezing vapours. x2
The oklob plant is engulfed in freezing vapours. x2
The oklob plant spits acid at you. The splash of acid hits you!!
* * * LOW HITPOINT WARNING * * *
The acid corrodes you!
Casting: Freezing Cloud (dangerous; 8% risk of failure)
Confirm with . or Enter, or press ? or * to list all spells.
Aiming: Freezing Cloud (dangerous; 8% risk of failure)
Press: ? - help, Dir - move target, f - oklob plant
Aim: an oklob plant The oklob plant is engulfed in freezing vapours.
The oklob plant spits acid at you. The splash of acid hits you!!
* * * LOW HITPOINT WARNING * * *
The oklob plant is engulfed in freezing vapours.
You destroy the oklob plant!
The oklob plant is engulfed in freezing vapours.
The oklob plant spits acid at you. The splash of acid hits you!!
* * * LOW HITPOINT WARNING * * *
The oklob plant is engulfed in freezing vapours.
The oklob plant spits acid at you. The splash of acid hits you!!
You die...

##########
##.......§##§#
##......@.§§§#
#....#....§§§P§§
#....##.#.§§§§§§
##....####§§§P§§
#.....######P§§
###### ##.......# ##
##..##P ##......##
#...... ##......###
####.....#
####.....###.##...#.#


You could see 3 oklob plants.

Vanquished Creatures
  2 hydras
  3 two-headed ogres
  2 lindwurms (Lair:2)
  2 manticores (D:12)
  A cyclops (D:11)
  An oklob plant (Lair:4)
  4 elephants (Lair:1)
  4 black mambas
  9 cane toads
  2 gargoyles
  2 rime drakes
  3 unseen horrors (D:11)
  5 komodo dragons
  2 polar bears
  17 blink frogs
  A wraith (D:10)
  5 wyverns
  A warg (Lair:1)
  13 yaks
  A basilisk (Lair:3)
  A steam dragon (D:9)
  6 vampire mosquitoes (D:12)
  3 acid dragons
  5 water moccasins
  2 orc warriors
  6 ice beasts
  3 ogres
  2 black bears
  A sky beast (D:7)
  12 wolves
  A centaur (D:12)
  A phantom (D:5)
  A kobold brigand (D:9)
  11 bullfrogs
  3 scorpions
  8 wights
  8 killer bees (D:9)
  6 electric eels
  2 howler monkeys
  A crimson imp (D:11)
  A centaur zombie (Ossuary)
  A gnoll bouda (D:7)
  4 orc priests
  2 hounds
  3 jellies
  6 iguanas
  13 orc wizards
  Terence (D:3)
  A crocodile zombie (Ossuary)
  2 mummies (Ossuary)
  11 adders
  4 gnolls
  5 white imps
  3 dart slugs
  3 ribbon worms
  27 orcs
  13 ball pythons
  6 bats
  2 endoplasms (D:4)
  4 giant cockroaches
  2 gnoll zombies (Ossuary)
  6 goblins
  5 hobgoblins
  10 kobolds
  3 quokkas
  A kobold zombie (Ossuary)
  9 rats
311 creatures vanquished.

Vanquished Creatures (collateral kills)
  2 cane toads
  A komodo dragon (Lair:4)
  A shadow (D:11)
  6 yaks
  An ice beast (D:11)
  2 orc warriors (D:10)
  2 centaurs (D:9)
  2 gnoll sergeants (D:8)
  A wight (D:8)
  2 killer bees (D:9)
  3 orc wizards
  2 crocodile zombies (Ossuary)
  A mummy (Ossuary)
  7 gnolls
  A shadow imp (D:8)
  A white imp (D:7)
  4 orcs
  2 kobolds (D:9)
  4 gnoll zombies (Ossuary)
  A kobold zombie (Ossuary)
46 creatures vanquished.

Grand Total: 357 creatures vanquished

Notes
Turn   | Place    | Note
-------+----------+-------------------------------------------
     0 | D:1      | Autsider the Demigod Ice Elementalist began the quest for
                  | the Orb.
     0 | D:1      | Reached XP level 1. HP: 14/14 MP: 5/5
   405 | D:1      | Reached XP level 2. HP: 22/22 MP: 4/7
   524 | D:1      | Reached skill level 1 in Fighting
  1267 | D:2      | Reached XP level 3. HP: 28/28 MP: 6/9
  1353 | D:2      | Learned a level 3 spell: Frozen Ramparts
  2461 | D:3      | Noticed Terence
  2481 | D:3      | Killed Terence
  2482 | D:3      | Reached XP level 4. HP: 7/36 MP: 6/10
  2488 | D:3      | Learned a level 3 spell: Ozocubu's Armour
  3470 | D:4      | Found a runed translucent door.
  3471 | D:4      | Noticed junkhipster's ghost (novice GrFi)
  3473 | D:4      | Noticed a yak
  3631 | D:4      | Reached XP level 5. HP: 36/42 MP: 12/12
  3796 | D:4      | Found Ifuatzah's Assorted Antiques.
  4158 | D:4      | Reached XP level 6. HP: 51/51 MP: 14/14
  4465 | D:5      | Entered Level 5 of the Dungeon
  4605 | D:5      | Reached skill level 5 in Ice Magic
  5037 | D:5      | Reached XP level 7. HP: 29/59 MP: 10/16
  5226 | D:5      | Reached skill level 1 in Summonings
  6329 | D:6      | Found a staircase to the Ecumenical Temple.
  6465 | D:6      | Reached skill level 1 in Air Magic
  7180 | D:7      | Reached XP level 8. HP: 50/67 MP: 12/18
  7185 | D:7      | Learned a level 3 spell: Summon Ice Beast
  7220 | D:7      | Found a sand-covered staircase.
  7231 | Ossuary  | Entered an ossuary
  7568 | D:7      | Reached skill level 5 in Fighting
  7691 | D:7      | Reached skill level 5 in Spellcasting
  8352 | D:8      | Reached XP level 9. HP: 65/75 MP: 10/20
  8558 | D:8      | Learned a level 3 spell: Mephitic Cloud
  9654 | D:9      | Found a transporter.
  9736 | D:9      | Reached skill level 1 in Shields
  9807 | D:9      | Reached skill level 1 in Polearms
 10038 | D:9      | Noticed a gargoyle
 10046 | D:9      | Killed a gargoyle
 10201 | D:9      | Found a transporter.
 10220 | D:9      | Reached XP level 10. HP: 84/84 MP: 13/22
 10308 | D:9      | Found a transporter.
 10310 | D:9      | Found a transporter.
 10646 | D:9      | Reached skill level 1 in Conjurations
 10982 | D:10     | Entered Level 10 of the Dungeon
 11323 | D:10     | Found Viytes's Self-Published Books.
 11356 | D:10     | Learned a level 3 spell: Hailstorm
 11670 | D:10     | Identified the amulet of Gin and Tonic {Faith Will- Regen+
                  | Str-2 SInv}
 12243 | D:11     | Found a staircase to the Lair.
 12302 | D:11     | Noticed a cyclops
 12324 | D:11     | Killed a cyclops
 12402 | D:11     | Noticed a two-headed ogre
 12411 | D:11     | Killed a two-headed ogre
 12632 | D:11     | Found a staircase to the Orcish Mines.
 12789 | D:11     | Reached XP level 11. HP: 69/92 MP: 9/25
 13542 | D:11     | Noticed a two-headed ogre
 13551 | D:11     | Killed a two-headed ogre
 13552 | D:11     | Reached skill level 5 in Dodging
 14060 | D:12     | Noticed a two-headed ogre
 14082 | D:12     | Killed a two-headed ogre
 14333 | D:12     | Noticed a skeletal warrior
 14384 | Lair:1   | Entered Level 1 of the Lair of Beasts
 14574 | Lair:1   | Reached skill level 5 in Shields
 14580 | Lair:1   | Reached skill level 5 in Air Magic
 15643 | Lair:1   | Learned a level 5 spell: Freezing Cloud
 15655 | Lair:2   | Noticed a lindwurm
 15661 | Lair:2   | Noticed a lindwurm
 15667 | Lair:2   | Reached XP level 12. HP: 100/103 MP: 21/27
 15795 | Lair:2   | Noticed a five-headed hydra
 15803 | Lair:2   | Killed a five-headed hydra
 15804 | Lair:2   | Reached skill level 5 in Conjurations
 15972 | Lair:2   | Found a staircase to the Shoals.
 16913 | Lair:3   | Noticed a seven-headed hydra
 16931 | Lair:3   | Killed a seven-headed hydra
 17121 | Lair:3   | Found a hole to the Spider Nest.
 17747 | Lair:4   | Reached skill level 10 in Ice Magic
 18034 | Lair:4   | Reached skill level 10 in Fighting
 18206 | Lair:4   | Found a staircase to the Slime Pits.
 18209 | Lair:4   | Killed from afar by an oklob plant

Illustrated notes

Levels and vault maps discovered:
D:1:      nzn_arrival_crosshair, layout_loops_corners, chequers_arboretum,
          chequers_serial_rivers_micro_b
D:2:      layout_loops_ring, minivault_23, amcnicky_mini_rare_corridor_liquid,
          nicolae_kite_square_tiling_tiny
D:3:      layout_basic, uniq_terence
D:4:      nicolae_cairo_tiling_large, layout_gridville,
          grunt_temple_overflow_open, serial_shops,
          nicolae_shop_advertising_works [nicolae_subvault_shop_adworks],
          ebering_ghost_inner_flame, kennysheep_donut
D:5:      layout_cave_pods
D:6:      layout_basic, minmay_temple_entry_fiery, serial_aquarium,
          aquarium_bridge_square [aquarium_subvault_balcony,
          aquarium_subvault_bridge, aquarium_subvault_bridge,
          aquarium_subvault_window], aquarium_bridge_straight
          [aquarium_subvault_bridge, aquarium_subvault_window,
          aquarium_subvault_bridge, aquarium_subvault_wall],
          aquarium_window_fake, aquarium_window_2, aquarium_window_1,
          aquarium_window_corridor_3, aquarium_view_4, minmay_misc_feat_tower,
          solitary_fountain, dk_noncrumbling_3
D:7:      layout_loops_ring, nicolae_ossuary_entry_ruins, kennysheep_boxes
D:8:      layout_cave_pods
D:9:      layout_roguey, mainiacjoe_overflow_catwalk_spiral,
          nicolae_transporter_circle
D:10:     layout_long_grid, nicolae_custom_books
D:11:     layout_basic, hellmonk_lair_entry_icy, minmay_orc_entry_temple_small,
          serial_glass, glass_columns_b, glass_columns_a,
          minmay_strange_pillars, item_on_display_a, due_unseen_surprise,
          feat_on_display, fungi_pond_lemuel, minmay_fire_ice_demons
D:12:     layout_basic, serial_bayou, serial_bayou_crossing,
          serial_bayou_pond_e, serial_bayou_shore_b, serial_bayou_ford_a,
          serial_bayou_lagoon_a, st_stairs_8
Lair:1:   beast_lair_carwin_large_1, layout_chaotic_city, st_stairs_12,
          infiniplex_staircase_pool
Lair:2:   layout_regular_city, shoals_dummy_entry, nicolae_lair_lindhole,
          grunt_megastairs_1, lemuel_fruit_tree, serial_bayou_shore_b
Lair:3:   layout_hall_layers, dummy_spider_entry
Lair:4:   layout_regular_city, minmay_slime_entry_oklob_enclosed, basic_altar

Skill      XL: |  1  2  3  4  5  6  7  8  9 10 11 12 |
---------------+-------------------------------------+-----
Spellcasting   | 2 3 4 5 6 7 8 |  8.0
Fighting       | 1 2 3 4 5 6 7 8 10 | 10.0
Ice Magic      | 4 5 6 7 8 10 | 10.3
Summonings     | 2 3 4 |  4.0
Air Magic      | 1 3 4 5 6 |  6.0
Dodging        | 3 4 6 |  6.0
Shields        | 2 4 5 6 |  6.0
Polearms       | 2 4 |  4.0
Conjurations   | 3 4 6 |  6.0
Stealth        | |  1.7

Action                     |  1- 3 |  4- 6 |  7- 9 | 10-12 || total
---------------------------+-------+-------+-------+-------++-------
  Melee: Unarmed           |    14 |       |       |       ||    14
         Hand axe          |    16 |       |       |       ||    16
         Trident           |    48 |    76 |   150 |       ||   274
         Spear             |       |       |    25 |   462 ||   487
   Cast: Freeze            |    47 |    51 |    21 |    62 ||   181
         Frozen Ramparts   |     1 |     9 |    49 |    79 ||   138
         Ozocubu's Armour  |       |     3 |    15 |    52 ||    70
         Summon Ice Beast  |       |       |    28 |    44 ||    72
         Mephitic Cloud    |       |       |     3 |     1 ||     4
         Hailstorm         |       |       |       |    37 ||    37
         Freezing Cloud    |       |       |       |     3 ||     3
  Evoke: Wand              |       |     1 |       |     1 ||     2
    Use: Scroll            |     1 |     8 |     6 |     9 ||    24
         Potion            |       |       |       |     8 ||     8
   Stab: Sleeping          |     4 |     5 |     1 |     1 ||    11
         Invisible         |       |     1 |       |       ||     1
         Distracted        |       |       |     3 |     5 ||     8
 Armour: Robe              |    68 |    54 |   134 |   307 ||   563
  Dodge: Dodged            |    50 |    64 |   163 |   420 ||   697
  Block: Buckler           |       |       |     8 |   135 ||   143

Table legend: (Time is in decaauts)
 A = Elapsed time spent in this place.
 B = Non-inter-level travel time spent in this place.
 C = Inter-level travel time spent in this place.
 D = Time resting spent in this place.
 E = Time spent auto-exploring this place.
 F = Levels seen in this place.
 G = Mean time per level.
                   A        B        C        D        E       F      G
               +--------+--------+--------+--------+--------+-----+--------+
         Total |  18315 |  17710 |    605 |    822 |  13162 |  17 | 1077.4 |
       Dungeon |  14357 |  13835 |    522 |    748 |  10275 |  12 | 1196.4 |
          Lair |   3667 |   3585 |     82 |     74 |   2727 |   4 |  916.8 |
       Ossuary |    290 |    290 |      0 |      0 |    160 |   1 |  290.0 |
               +--------+--------+--------+--------+--------+-----+--------+

Top non-repeatable levels by time:
    D:11: 1980 daAuts
     D:9: 1569 daAuts
     D:5: 1441 daAuts
     D:8: 1324 daAuts
     D:6: 1250 daAuts
  Lair:2: 1246 daAuts
     D:4: 1231 daAuts
     D:3: 1202 daAuts
     D:1: 1199 daAuts
  Lair:1: 1122 daAuts
    D:10: 912 daAuts
     D:7: 889 daAuts
     D:2: 862 daAuts
  Lair:3: 738 daAuts
  Lair:4: 560 daAuts
